 Dungeon Crawl Stone Soup version 0.30.1-9-gdf580d7c3d (webtiles) character file.

Game seed: 18161486996651648760

187 KittyFluff the Cudgeller (level 5, -4/49 HPs)
             Began as a Gargoyle Berserker on Oct 15, 2023.
             Was a Believer of Trog.
             Killed by nerve-wracking pain
             ... invoked by Grinder
              (6 damage)
             ... on level 3 of the Dungeon.
             The game lasted 00:11:01 (2876 turns).

KittyFluff the Cudgeller (Gargoyle Berserker)       Turns: 2876, Time: 00:11:02

Health: -4/49      AC:  9    Str: 23    XL:     5   Next: 66%
Magic:  5/5        EV: 11    Int:  7    God:    Trog [**....]
Gold:   86         SH:  0    Dex:  9    Spells: 4/4 levels left

rFire   . . .        a - +0 mace
rCold   . . .        (no shield)
rNeg    + . .        q - +0 leather armour
rPois   ∞            g - +0 helmet
rElec   +            (no cloak)
rCorr   .            (no gloves)
SInv    .            t - +0 pair of boots
Will    .....        (no amulet) Stlth
                     (no ring)
HPRegen 0.28/turn    (no ring)
MPRegen 0.09/turn

%: no passive effects
@: berserking, very quick
A: sickness immunity, AC +4, negative energy resistance 1, electricity
resistance, torment resistance 1, petrification resistance
a: Renounce Religion, Berserk, Trog's Hand


You were on level 3 of the Dungeon.
You worshipped Trog.
Trog was pleased with you.
You visited 1 branch of the dungeon, and saw 3 of its levels.

You collected 86 gold pieces.

Inventory:

Hand Weapons
 a - a +0 mace (weapon)
 o - a +0 sling
Missiles
 d - a throwing net (quivered)
Armour
 g - a +0 helmet (worn)
 q - a +0 leather armour (worn)
 t - a +0 pair of boots (worn)
Wands
 s - a wand of flame (22)
Scrolls
 b - a scroll of vulnerability {unknown}
 e - 5 scrolls of identify {unknown}
 f - a scroll of magic mapping {unknown}
 i - 4 scrolls of immolation {unknown}
 k - a scroll of blinking {unknown}
 l - a scroll of amnesia {unknown}
 m - a scroll of enchant weapon {unknown}
 u - a scroll of summoning {unknown}
 v - a scroll of fog {unknown}
Potions
 c - a potion of haste {unknown}
 h - a potion of attraction {unknown}
 j - a potion of ambrosia {unknown}
 n - 2 potions of lignification {unknown}
 p - 3 potions of curing {unknown}
 r - a potion of heal wounds


   Skills:
 + Level 4.0 Fighting
 * Level 4.3 Maces & Flails
 * Level 4.0 Armour
 + Level 2.3 Dodging


You had 4 spell levels left.
You didn't know any spells.
Your spell library was empty.

Dungeon Overview and Level Annotations

Branches:
Dungeon (3/15)

Altars:

Annotations:
D:3 Grinder


Innate Abilities, Weirdness & Mutations

You are immune to sickness and miasma.
Your stone body is resilient. (AC +4)
You are immune to poison.
You resist negative energy. (rN+)
You are resistant to electric shocks. (rElec)
You are resistant to unholy torment.
You are immune to petrification.


Message History

You barely miss Grinder.
Grinder is lightly wounded.
Grinder gestures at you.
You barely resist. You barely miss Grinder.
Grinder is lightly wounded.
Grinder hits you but does no damage.
You closely miss Grinder.
Grinder is lightly wounded.
Grinder hits you but does no damage. Grinder barely misses you.
You hit Grinder.
Grinder is moderately wounded.
Grinder gestures at you. Pain shoots through your body!
* * * LOW HITPOINT WARNING * * *
Unknown command.
A red film seems to cover your vision as you go berserk!
You feel yourself moving faster!
You feel mighty! Grinder barely misses you.
You hit Grinder.
Grinder is moderately wounded.
Grinder hits you!
* * * LOW HITPOINT WARNING * * *
You thump Grinder!
Grinder is heavily wounded.
You sock Grinder!
Grinder is severely wounded.
Grinder gestures at you.
You barely resist. You barely miss Grinder.
Grinder is severely wounded.
Grinder says, "I used to sell toenails on the black market."
Grinder hits you.
* * * LOW HITPOINT WARNING * * *
You closely miss Grinder.
Grinder is severely wounded.
You sock Grinder!
Grinder is almost dead.
Grinder gestures at you. Pain shoots through your body!
You die...

.####.#.......#.......#
#######.......#.......#
##....##..#..#####.#.##
#.#...######## #....#
#.#....#####.# #....# ###
#.#.....#.##.# #....# ##.##
#.#.....#.##.# #.##.###...##
#.#.....#.##.###.##.##.....##.#.
#.###.###.##(.5@................
##.........############..........
######.##### ##...##.... .......#
##.## .#. ######## #... .. #####
.


You could see Grinder.

Vanquished Creatures
  Natasha (twice) (D:2)
  8 adders
  A worm (D:2)
  2 dart slugs (D:2)
  2 orcs
  3 ball pythons
  5 bats
  6 endoplasms
  A giant cockroach (D:1)
  4 hobgoblins
  3 jackals (D:1)
  A quokka (D:2)
  2 frilled lizards
  6 goblins
  5 kobolds
  10 rats
61 creatures vanquished.

Notes
Turn   | Place    | Note
-------+----------+-------------------------------------------
     0 | D:1      | KittyFluff the Gargoyle Berserker began the quest for the
                  | Orb.
     0 | D:1      | Reached XP level 1. HP: 14/14 MP: 1/1
   144 | D:1      | Reached XP level 2. HP: 17/19 MP: 2/2
   833 | D:1      | Reached XP level 3. HP: 23/23 MP: 3/3
  1001 | D:2      | Reached ** piety under Trog
  1302 | D:2      | Noticed Natasha
  1314 | D:2      | Killed Natasha
  1315 | D:2      | Reached XP level 4. HP: 11/29 MP: 4/4
  2118 | D:2      | Reached XP level 5. HP: 30/33 MP: 5/5
  2333 | D:2      | Noticed Natasha
  2344 | D:2      | Killed Natasha
  2836 | D:3      | Noticed Grinder
  2874 | D:3      | HP: 2/49 [Grinder (5)]
  2876 | D:3      | Killed from afar by Grinder

Illustrated notes

Levels and vault maps discovered:
D:1:      dpeg_arrival_ratfight, layout_basic, minmay_misc_feat_rows,
          serial_bayou_pond_c
D:2:      kb_forest_paths, layout_basic, serial_forest,
          infiniplex_forest_clump_long, infiniplex_forest_clump_medium,
          infiniplex_forest_lined_2, infiniplex_forest_straight_2,
          infiniplex_forest_straight_4, infiniplex_forest_clump_tiny,
          infiniplex_forest_lined_room_, infiniplex_forest_join, uniq_natasha
D:3:      layout_loops_corners, general_overflow_altar, dk_noncrumbling_4,
          minmay_crystal_water, kennysheep_nub, uniq_grinder

Skill      XL: |  1  2  3  4  5 |
---------------+----------------+-----
Armour         | 3 4 |  4.0
Dodging        | 2 |  2.3
Maces & Flails | 4 |  4.3
Fighting       | 4 |  4.0

Action                     |  1- 3 |  4- 6 || total
---------------------------+-------+-------++-------
  Melee: Mace              |   118 |   150 ||   268
  Throw: Throwing net      |       |     1 ||     1
 Invoke: Berserk           |       |     1 ||     1
 Armour: Animal skin       |    49 |    40 ||    89
         Leather armour    |       |    34 ||    34
  Dodge: Dodged            |   101 |    98 ||   199
